 Dungeon Crawl Stone Soup version 0.25.1-2-g60ff931df9 (webtiles) character file.

Game seed: 9275816028077537721

1347 Almogavar the Slinger (level 8, -2/54 HPs)
             Began as a Halfling Hunter on Sept 6, 2020.
             Was a Follower of Okawaru.
             Slain by an orc warrior
             ... wielding a +0 flail
              (16 damage)
             ... on level 6 of the Dungeon.
             The game lasted 00:24:39 (7468 turns).

Almogavar the Slinger (Halfling Hunter)             Turns: 7468, Time: 00:24:40

Health: -2/54      AC:  5    Str: 13    XL:     8   Next: 94%
Magic:  8/8        EV: 16    Int:  9    God:    Okawaru [*.....]
Gold:   362        SH:  0    Dex: 17    Spells: 7/7 levels left

rFire    . . .     SeeInvis +   j - +0 long sword of Mefuloru {vamp, rPois rN+ SInv}
rCold    . . .     Gourm    .   (shield restricted)
rNeg     + . .     Faith    .   c - +0 leather armour
rPois    +         Spirit   .   t - +0 helmet
rElec    .         Reflect  .   (no cloak)
rCorr    .         Harm     .   n - +0 pair of gloves
MR       .....                  (no boots)
Stlth    ++........             (no amulet)
HPRegen  0.18/turn              w - ring of see invisible
MPRegen  0.11/turn              (no ring)

@: stab
A: small, mutation resistance 1
a: Heroism, Renounce Religion


You were on level 6 of the Dungeon.
You worshipped Okawaru.
Okawaru was aware of your devotion.
You were not hungry.

You visited 1 branch of the dungeon, and saw 6 of its levels.

You collected 362 gold pieces.

Inventory:

Hand Weapons
 a - a +1 hunting sling
 b - a +0 short sword
 j - the +0 long sword of Mefuloru (weapon) {vamp, rPois rN+ SInv}
   (You found it on level 5 of the Dungeon)

   It inflicts no extra harm, but heals its wielder when it wounds a living foe.
   It protects you from poison.
   It protects you from negative energy.
   It lets you see invisible.
Missiles
 d - 17 sling bullets
 h - 207 stones (quivered)
Armour
 c - a +0 leather armour (worn)
 n - a +0 pair of gloves (worn)
 o - a +0 buckler
 t - a +0 helmet (worn)
 v - a +0 scale mail
Jewellery
 s - an uncursed ring of protection from magic {unknown}
 w - a ring of see invisible (left hand)
Scrolls
 k - a scroll of amnesia
 r - 2 scrolls of enchant armour {unknown}
 u - a scroll of fear
 x - a scroll of magic mapping {unknown}
 y - a scroll of teleportation
 z - 2 scrolls of remove curse
 A - a scroll of enchant weapon {unknown}
Potions
 e - 2 potions of flight
 i - a potion of stabbing
 l - 2 potions of lignification
 m - a potion of degeneration {unknown}
 p - 2 potions of haste {unknown}
 q - 3 potions of curing {unknown}
 C - 2 potions of might {unknown}
Comestibles
 f - 16 rations


   Skills:
 + Level 4.9 Fighting
 + Level 0.8(1.2) Short Blades
 + Level 0.9(1.1) Long Blades
 - Level 12.1 Slings
 + Level 2.7 Armour
 + Level 3.4 Dodging
 + Level 1.7 Stealth


You had 7 spell levels left.
You didn't know any spells.
Your spell library contained the following spells:

 Spells                   Type           Power        Failure   Level  Hunger
 Animate Skeleton         Necr           N/A          45%         1    ##.....
 Pain                     Necr           #...         45%         1    ##.....
 Vampiric Draining        Necr           #.........   83%         3    ####...
 Animate Dead             Necr           N/A          99%         4    #####..
 Agony                    Necr           #.......     100%        5    ######.


Dungeon Overview and Level Annotations

Branches:
Dungeon (6/15)             Temple (0/1) D:6

Altars:
Cheibriados
Fedhas
Okawaru
Qazlal

Shops:
D:6 [

Annotations:
D:6 Edmund


Innate Abilities, Weirdness & Mutations

You are small and have problems with some larger weapons.
You are somewhat resistant to further mutation.


Message History

The orc wizard hits you with a +0 dagger.
The orc wizard gestures at you while chanting.
The puff of flame hits you!
* * * LOW HITPOINT WARNING * * *
The orc warrior barely misses you.
You riposte.
You slash the orc warrior!
You feel better.
The orc warrior is almost dead.
You barely miss the orc warrior.
The orc warrior is almost dead.
The orc wizard closely misses you.
The orc wizard mumbles some strange words.
The orc wizard flickers and vanishes for a moment.
The orc warrior misses you. The orc wizard misses you.
The orc wizard closely misses you.
You riposte.
You closely miss the orc wizard.
It was a potion of stabbing.
You feel ready to backstab. The orc wizard completely misses you.
The orc warrior hits you with a +0 flail!
You die...

####### ## #.....# #.
#.....############### #.
#........>...oo.....##########.
#####.###.....@o...............
#.#....<#.#.##..##....##.#.
#.#.#.###.#......#.##.##.##
#.#.#.....#..#...#.##.##.#.
#.#.#######..###.#.##.##.#.
#.#.....###.(......##.##.#.
#.#####.....(####.###.##.#.
#.#####..(.(....#..##.##.#.
#.....................##.##


You could see an orc warrior and 2 orc wizards.

Vanquished Creatures
  Sigmund (D:3)
  A water moccasin (D:6)
  An orc warrior (D:6)
  2 ogres
  4 crimson imps
  2 hounds (D:5)
  An orc priest (D:6)
  2 orc wizards
  Terence (D:3)
  An iguana (D:4)
  6 worker ants
  2 hound skeletons (D:4)
  A worker ant zombie (D:6)
  Robin (D:3)
  7 gnolls
  6 adders
  A shadow imp (D:4)
  An ooze (D:1)
  An adder skeleton (D:4)
  2 worms
  5 dart slugs
  3 leopard geckos
  7 orcs
  5 bats
  8 giant cockroaches
  11 hobgoblins
  18 jackals
  10 kobolds
  A quokka (D:4)
  2 ball pythons
  8 frilled lizards
  16 goblins
  9 rats
147 creatures vanquished.

Vanquished Creatures (others)
  A plant (D:1)
1 creature vanquished.

Grand Total: 148 creatures vanquished

Notes
Turn   | Place    | Note
-------+----------+-------------------------------------------
     0 | D:1      | Almogavar the Halfling Hunter began the quest for the Orb.
     0 | D:1      | Reached XP level 1. HP: 14/14 MP: 1/1
    38 | D:1      | Reached skill level 6 in Slings
   226 | D:1      | Reached XP level 2. HP: 19/19 MP: 2/2
   926 | D:1      | Reached skill level 7 in Slings
   926 | D:1      | Reached XP level 3. HP: 24/24 MP: 3/3
  1798 | D:2      | Reached XP level 4. HP: 29/29 MP: 4/4
  1985 | D:2      | Reached skill level 1 in Armour
  2456 | D:3      | Noticed Terence
  2467 | D:3      | Killed Terence
  2467 | D:3      | Reached skill level 8 in Slings
  2467 | D:3      | Reached XP level 5. HP: 21/34 MP: 5/5
  2722 | D:3      | Noticed Robin
  2789 | D:3      | Killed Robin
  2976 | D:3      | Reached skill level 9 in Slings
  2985 | D:3      | Reached XP level 6. HP: 39/39 MP: 6/6
  3212 | D:3      | Noticed Sigmund
  3419 | D:3      | Killed Sigmund
  3419 | D:3      | Reached skill level 10 in Slings
  3419 | D:3      | Reached XP level 7. HP: 39/45 MP: 7/7
  4223 | D:4      | Found an iron altar of Okawaru.
  4234 | D:4      | Became a worshipper of Warmaster Okawaru
  4429 | D:4      | Reached skill level 11 in Slings
  4629 | D:5      | Entered Level 5 of the Dungeon
  4847 | D:5      | Noticed a water elemental
  4849 | D:5      | Found a stormy altar of Qazlal.
  4855 | D:5      | Noticed a fire elemental
  4855 | D:5      | Noticed an air elemental
  4880 | D:5      | Got a fading long sword
  4881 | D:5      | Identified the cursed +0 long sword of Mefuloru {vamp,
                  | rPois rN+ SInv} (You found it on level 5 of the Dungeon)
  4977 | D:5      | Reached XP level 8. HP: 53/53 MP: 8/8
  5588 | D:6      | Found a snail-covered altar of Cheibriados.
  5774 | D:6      | Reached * piety under Okawaru
  5774 | D:6      | Reached skill level 12 in Slings
  6154 | D:6      | Found a staircase to the Ecumenical Temple.
  6539 | D:6      | Noticed Edmund
  6570 | D:6      | HP: 2/54 [Edmund/+1 dire flail of protection (16)]
  6980 | D:6      | Found Erhinkai's Antique Armour Shop.
  7006 | D:6      | Found a blossoming altar of Fedhas.
  7468 | D:6      | Slain by an orc warrior

Illustrated notes

Levels and vault maps discovered:
D:1:      ebering_trefoil_3fold, layout_basic, lexackson_kobold_supper
D:2:      layout_rooms
D:3:      layout_rooms, first_ration, corner_web_ring, uniq_sigmund, uniq_robin,
          uniq_terence
D:4:      layout_cave_pools, overflow_temple_1_default
D:5:      layout_cave_pods, kennysheep_nub, serial_bayou_pond_d,
          nicolae_qazlal_style_of_elements
D:6:      layout_basic, grunt_temple_overflow_open,
          minmay_temple_entry_water_ring, serial_shops, shop, uniq_edmund

Skill      XL: |  1  2  3  4  5  6  7  8 |
---------------+-------------------------+-----
Slings         | 6 7 8 9 10 11 12 | 12.1
Armour         | 1 2 |  2.7
Fighting       | 2 3 4 |  4.9
Dodging        | 3 |  3.4
Short Blades   | |  0.8
Long Blades    | |  0.9
Stealth        | |  1.7

Action                   |  1- 3 |  4- 6 |  7- 9 || total
-------------------------+-------+-------+-------++-------
Melee: Short sword       |    51 |    21 |     9 ||    81
       Long sword        |       |       |    24 ||    24
 Fire: Hunting sling     |   108 |   193 |   395 ||   696
Invok: Heroism           |       |       |     2 ||     2
  Use: Scroll            |     3 |     3 |     7 ||    13
       Potion            |       |       |     2 ||     2
  Eat: Chunk             |     2 |     5 |     6 ||    13
       Ration            |       |       |     2 ||     2
Armor: Leather armour    |     7 |     8 |    19 ||    34
Dodge: Dodged            |    47 |    31 |   114 ||   192
       Rpst.: Long sword |       |       |     7 ||     7
